Unix NetHack Version 3.7.0-88 Work-in-progress - last build Aug 21 2023 04:08:40 (b68ccb3e4f8f5dcb83e1e40b1ff56e7dffd4cd28,branch:master). Game began 2023-09-03 14:55:38, ended 2023-09-03 15:07:24. MargeBouvier, chaotic male elven Wizard -------- |......| ---- ################......<| ... # ## |......| ... # # -------- -.. # # |... # % |C..|# ######### |....##### -...|# ------------ ..... # #############-..........| ....... # #------- |..........| B -------- # #|.....| #..^........| @#f#######################|.....|#####------------ |....%.# ------- MargeBouvier the Conjurer St:9 Dx:12 Co:15 In:20 Wi:11 Ch:9 Chaotic Dlvl:5 $:0 HP:0(39) Pw:37(62) AC:6 Exp:5 T:2558 Burdened Latest messages: You finish eating the rothe corpse. You see here a looking glass. You have a little trouble lifting w - a looking glass. You swap places with Scrag-Bag. You hear a door open. In what direction? The door resists! In what direction? The door resists! In what direction? The door closes. In what direction? The door crashes open! You hear a door open. Pick an object. ^ a trap (level teleporter) You hear a door open. You swap places with Scrag-Bag. In what direction? The spell hits the orc zombie! You destroy the orc zombie! The spell hits the coyote! You kill the coyote! In what direction? The spell misses the coyote. The coyote bites! The coyote bites! You hear bubbling water. In what direction? The spell hits the coyote! You kill the coyote! You are carrying too much to get through. Pick an object. can be many things (stone) You are carrying too much to get through. You already found a monster. Use 'm' prefix to force another search. In what direction? The spell misses the giant bat. The giant bat bites! In what direction? The spell misses the giant bat. The giant bat misses! The giant bat bites! You stop. Scrag-Bag is in the way! The giant bat bites! The giant bat bites! The giant bat bites! The giant bat bites! You die... Do you want your possessions identified? [ynq] (y) Inventory: Weapons t - a +0 orcish dagger a - a blessed +1 quarterstaff (alternate weapon; not wielded) y - a +0 silver saber Armor u - a blessed +1 orcish helm V - an uncursed +2 pair of low boots (being worn) b - an uncursed +0 cloak of magic resistance (being worn) Comestibles s - an uncursed food ration Potions v - an uncursed potion of acid Rings d - an uncursed ring of protection from shape changers e - an uncursed ring of sustain ability Tools p - an uncursed bag of holding containing 37 items n - an uncursed blindfold w - an uncursed mirror Contents of the bag of holding: 98 gold pieces 2 +0 darts a +0 dwarvish spear a cursed -2 dwarvish short sword a +0 scimitar a blessed +0 dwarvish iron helm an uncursed +0 orcish helm an uncursed +0 orcish helm a cursed -2 pair of gauntlets of fumbling an uncursed +0 pair of kicking boots an uncursed +1 pair of iron shoes a cursed -1 pair of fumble boots an uncursed +0 dwarvish roundshield an uncursed +1 dwarvish cloak an uncursed candy bar labeled "Om-nom" an uncursed fortune cookie 5 uncursed lichen corpses an uncursed scroll of confuse monster an uncursed scroll of enchant armor 4 uncursed scrolls of identify an uncursed spellbook of cure sickness a blessed spellbook of force bolt an uncursed spellbook of slow monster an uncursed potion of object detection an uncursed potion of sickness an uncursed potion of levitation an uncursed potion of gain energy an uncursed potion of monster detection an uncursed potion of water a wand of speed monster (0:4) a wand of undead turning (0:8) an uncursed bell an uncursed obsidian stone an uncursed worthless piece of blue glass an uncursed jade stone a cursed worthless piece of orange glass an uncursed worthless piece of yellow glass MargeBouvier the Wizard's attributes: Background: You were a Conjurer, a level 5 male elven Wizard. You were chaotic, on a mission for Anhur who was opposed by Ptah (lawful) and Thoth (neutral). You were in the Dungeons of Doom, on level 5. You entered the dungeon 2558 turns ago. You had 223 experience points, 97 more were needed to attain level 6. Basics: You had 0 out of 39 hit points. You had 37 out of 62 energy points (spell power). Your armor class was 6. Your wallet was empty, but you had 98 zorkmids stashed away in your pack. Autopickup was off. Final Characteristics: Your strength was 9 (limit:18). Your dexterity was 12 (limit:18). Your constitution was 15 (limit:16). Your intelligence was 20 (limit:20). Your wisdom was 11 (limit:20). Your charisma was 9 (limit:18). Final Status: You were not hungry. You were burdened; movement was slightly slowed. You were bare handed. You were unskilled in bare handed combat. Final Attributes: You were piously aligned. You were magic-protected. You were sleep resistant. You were telepathic. You had infravision. You were warded. You are dead. Miscellaneous: You never encountered a bones level. Total elapsed playing time was 11 minutes and 45 seconds. Major events: Turn 1: MargeBouvier the chaotic male elven Wizard entered the dungeon 588: attained the rank of Conjurer (level 3) 2558: killed by a giant bat Vanquished creatures: a straw golem a floating eye a dwarf a homunculus a kobold leader 2 hill orcs 7 rothes a centipede an orc zombie a dwarf zombie 4 acid blobs 2 coyotes a gas spore a hobbit 2 manes a hobgoblin a giant rat 4 cave spiders a yellow mold a green mold a red mold a gecko 3 jackals a kobold 5 goblins 3 sewer rats 7 grid bugs 6 lichens 5 newts 67 creatures vanquished. No species were genocided or became extinct. Voluntary challenges: You read items or engraved 2 times. You never engraved Elbereth. You never genocided any monsters. You never polymorphed an object. You never changed form. You used no wishes. Achievements: You attained the rank of Conjurer. You entered a shop. The Dungeons of Doom: levels 1 to 5 Level 1: A fountain. Level 2: Level 3: A weapon shop. Level 4: An altar to Anhur, a fountain. Level 5: <- You were here. Final resting place for you, killed by a giant bat. Game over: ---------- / \ / REST \ / IN \ / PEACE \ / \ | MargeBouvier | | 98 Au | | killed by a | | giant bat | | | | | | 2023 | *| * * * | * _________)/\\_//(\/(/\)/\//\/|_)_______ Goodbye MargeBouvier the Wizard... You died in The Dungeons of Doom on dungeon level 5 with 1181 points, and 98 pieces of gold, after 2558 moves. You were level 5 with a maximum of 39 hit points when you died.